 Dungeon Crawl Stone Soup version 0.25-a0-404-gc1b5a34292 (webtiles) character file.

Game seed: 8354925806871995311, levelgen mode: deterministic

1697 MisterFreud the Shield-Bearer (level 9, -1/72 HPs)
             Began as a Gnoll Fighter on Jan 11, 2020.
             Was an Initiate of Ashenzari.
             Slain by an unseen horror (7 damage)
             ... on level 6 of the Dungeon.
             The game lasted 00:17:51 (6215 turns).

MisterFreud the Shield-Bearer (Gnoll Fighter)       Turns: 6215, Time: 00:17:51

Health: -1/72      AC: 16    Str: 19    XL:     9   Next: 3%
Magic:  14/14      EV: 10    Int: 14    God:    Ashenzari [......]
Gold:   68         SH: 11    Dex: 14    Spells: 15/15 levels left

rFire    . . .     SeeInvis .   a - +1 rapier (curse)
rCold    . . .     Gourm    .   c - +0 shield (curse)
rNeg     . . .     Faith    .   b - +0 scale mail
rPois    .         Spirit   .   (no helmet)
rElec    .         Reflect  .   D - +0 cloak
rCorr    .         Harm     .   (no gloves)
MR       +....                  u - +2 pair of boots
Stlth    +.........             t - amulet of magic regeneration
HPRegen  0.22/turn              w - +4 ring of protection
MPRegen  0.39/turn              m - ring "Weizan" {+Fly MR+} (curse)

@: no status effects
A: distributed training, fangs 1, strong nose
a: Curse Item, Renounce Religion, Evoke Flight


You were on level 6 of the Dungeon.
You worshipped Ashenzari.
Ashenzari was noncommittal.
You were near starving.

You visited 2 branches of the dungeon, and saw 7 of its levels.

You collected 310 gold pieces.
You spent 242 gold pieces at shops.

Inventory:

Hand Weapons
 a - a cursed +1 rapier (weapon)
 E - a +1 mace of protection
 I - a +4 dagger of protection
Missiles
 e - 188 stones (quivered)
 i - 78 arrows
 x - 8 poisoned darts
 y - 5 boomerangs
 C - 10 bolts
 F - a throwing net
 J - 5 silver boomerangs
Armour
 b - a +0 scale mail (worn)
 c - a cursed +0 shield (worn)
 u - a +2 pair of boots (worn)
 D - a +0 cloak (worn)
Jewellery
 j - an uncursed ring of stealth
 m - the cursed ring "Weizan" (right hand) {+Fly MR+}
   (You acquired it on level 5 of the Dungeon)

   [ring of protection from magic]

   It affects your resistance to hostile enchantments.
   It lets you fly.
   It has a curse placed upon it.
 t - an amulet of magic regeneration (around neck)
 w - a +4 ring of protection (left hand)
Scrolls
 k - 2 scrolls of enchant armour
 l - 2 scrolls of fear
 s - 6 scrolls of magic mapping
 v - a scroll of teleportation
Potions
 d - a potion of might
 g - 2 potions of flight
 h - a potion of invisibility
 n - a potion of degeneration
 o - 3 potions of heal wounds
 p - 3 potions of curing
 A - 2 potions of lignification
 B - 2 potions of mutation
 G - a potion of agility {unknown}
 H - a potion of ambrosia {unknown}
Comestibles
 f - 10 rations


   Skills:
 + Level 7.6 Fighting
 + Level 6.0 Short Blades
 + Level 3.7 Long Blades
 + Level 3.7 Axes
 + Level 3.7 Maces & Flails
 + Level 3.7 Polearms
 + Level 3.7 Staves
 + Level 3.7 Slings
 + Level 3.7 Bows
 + Level 3.7 Crossbows
 + Level 3.7 Throwing
 + Level 7.6 Armour
 + Level 3.7 Dodging
 + Level 3.7 Stealth
 + Level 7.6 Shields
 + Level 3.7 Unarmed Combat
 + Level 3.7 Spellcasting
 + Level 3.0 Conjurations
 + Level 3.0 Hexes
 + Level 3.0 Charms
 + Level 3.0 Summonings
 + Level 3.0 Necromancy
 + Level 3.0 Translocations
 + Level 3.0 Transmutations
 + Level 3.0 Fire Magic
 + Level 3.0 Ice Magic
 + Level 3.0 Air Magic
 + Level 3.0 Earth Magic
 + Level 3.0 Poison Magic
 + Level 4.1 Invocations
 + Level 3.7 Evocations


You had 15 spell levels left.
You didn't know any spells.
Your spell library contained the following spells:

 Spells                   Type           Power        Failure   Level  Hunger
 Animate Skeleton         Necr           N/A          36%         1    None
 Apportation              Tloc           ##....       36%         1    None
 Corona                   Hex            ##.....      36%         1    None
 Summon Small Mammal      Summ           ##..         36%         1    None


Dungeon Overview and Level Annotations

Branches:
Dungeon (6/15)             Temple (1/1) D:5

Altars:
Ashenzari
Cheibriados
Dithmenos
Elyvilon
Fedhas
Hepliaklqana
Kikubaaqudgha
Makhleb
Nemelex Xobeh
Okawaru
Qazlal
Ru
Sif Muna
Trog
Uskayaw
Wu Jian
Xom
Zin
The Shining One

Shops:
D:4 !*}[?   D:5 (


Innate Abilities, Weirdness & Mutations

Your experience applies equally to all skills.
You have very sharp teeth.
Your uncanny sense of smell can sniff out nearby items.


Message History

Something hits you but does no damage. You block something's attack.
You closely miss something.
Something hits you but does no damage. x2
Something hits you!
* * * LOW HITPOINT WARNING * * *
Something hits you but does no damage.
Your shield and scale mail prevent you from hitting something.
Something hits you but does no damage. x2; Something hits you!
* * * LOW HITPOINT WARNING * * *
You hit something. Something hits you but does no damage.
Something hits you but does no damage. x2
You hit something. Something hits you but does no damage.
You closely miss something. Something hits you but does no damage.
Something hits you.
* * * LOW HITPOINT WARNING * * *
You completely miss something. Something hits you.
* * * LOW HITPOINT WARNING * * *
Something hits you but does no damage. x2
Something hits you but does no damage. Something hits you!
You die...

.......# #.......#####....# ##.
.......#####.............####
#.. .###...............#####.#
#.# .# #########.......####..#
#.. . ####>._..........## #..
##..........##....# #..
##...........##.##.## #...
#..........####.##..#.......
####..........@{.........###.##
............<.########.### .. ∆
##..........# .. 8..
#?.........# ..# ##.?......##
##.....(..## #..........#
#............# #...........##


There were no monsters in sight!

Vanquished Creatures
  Sigmund (D:5)
  An orc warrior (D:6)
  2 sky beasts (D:5)
  2 ogres (D:4)
  A scorpion (D:6)
  2 howler monkeys (D:5)
  4 crimson imps (D:5)
  A centaur zombie (D:5)
  2 hounds
  5 orc priests
  Crazy Yiuf (D:2)
  A jelly (D:5)
  4 orc wizards
  Natasha (thrice) (D:3)
  5 iguanas
  A worker ant (D:5)
  A gnoll (D:5)
  5 adders
  2 shadow imps
  An ooze (D:4)
  3 adder skeletons
  2 worms (D:3)
  4 dart slugs
  5 leopard geckos
  16 orcs
  2 ball pythons
  6 bats
  4 giant cockroaches
  6 goblins
  4 hobgoblins
  3 quokkas
  A ball python skeleton (D:5)
  5 frilled lizards
  10 kobolds
  A leopard gecko skeleton (D:5)
  A quokka skeleton (D:6)
  6 rats
124 creatures vanquished.

Notes
Turn   | Place    | Note
-------+----------+-------------------------------------------
     0 | D:1      | MisterFreud the Gnoll Fighter began the quest for the Orb.
     0 | D:1      | Reached XP level 1. HP: 23/23 MP: 1/1
   216 | D:1      | Reached XP level 2. HP: 27/29 MP: 2/2
   578 | D:2      | Found a hazy altar of Hepliaklqana.
   716 | D:2      | Reached XP level 3. HP: 30/35 MP: 3/3
   737 | D:2      | Reached skill level 1 in Invocations
   771 | D:2      | Noticed Natasha
   832 | D:3      | Killed Natasha
   832 | D:3      | Reached skill level 1 in Long Blades
   832 | D:3      | Reached skill level 1 in Axes
   832 | D:3      | Reached skill level 1 in Maces & Flails
   832 | D:3      | Reached skill level 1 in Polearms
   832 | D:3      | Reached skill level 1 in Staves
   832 | D:3      | Reached skill level 1 in Slings
   832 | D:3      | Reached skill level 1 in Bows
   832 | D:3      | Reached skill level 1 in Crossbows
   832 | D:3      | Reached skill level 1 in Throwing
   832 | D:3      | Reached skill level 1 in Dodging
   832 | D:3      | Reached skill level 1 in Stealth
   832 | D:3      | Reached skill level 1 in Unarmed Combat
   832 | D:3      | Reached skill level 1 in Spellcasting
   832 | D:3      | Reached skill level 1 in Evocations
   832 | D:3      | Reached XP level 4. HP: 19/41 MP: 5/5
  1356 | D:2      | You fall into a shaft and drop 2 floors!
  1385 | D:4      | Found Bonkut's Antique Armour Emporium.
  1388 | D:4      | Noticed an ogre
  1410 | D:4      | Killed an ogre
  1410 | D:4      | Reached skill level 1 in Conjurations
  1410 | D:4      | Reached skill level 1 in Hexes
  1410 | D:4      | Reached skill level 1 in Charms
  1410 | D:4      | Reached skill level 1 in Summonings
  1410 | D:4      | Reached skill level 1 in Necromancy
  1410 | D:4      | Reached skill level 1 in Translocations
  1410 | D:4      | Reached skill level 1 in Transmutations
  1410 | D:4      | Reached skill level 1 in Fire Magic
  1410 | D:4      | Reached skill level 1 in Ice Magic
  1410 | D:4      | Reached skill level 1 in Air Magic
  1410 | D:4      | Reached skill level 1 in Earth Magic
  1410 | D:4      | Reached skill level 1 in Poison Magic
  1410 | D:4      | Reached XP level 5. HP: 31/47 MP: 5/7
  1601 | D:4      | Found Fiuny's Gadget Shop.
  1608 | D:4      | Found Cufab's Magic Scroll Emporium.
  1621 | D:4      | Bought a scroll of remove curse for 42 gold pieces
  1621 | D:4      | Bought a scroll of identify for 28 gold pieces
  1621 | D:4      | Bought a scroll of magic mapping for 49 gold pieces
  1665 | D:4      | Noticed an ogre
  1666 | D:4      | Reached XP level 6. HP: 31/53 MP: 8/8
  1677 | D:5      | Entered Level 5 of the Dungeon
  1908 | D:3      | Noticed Natasha
  1919 | D:3      | Killed Natasha
  2077 | D:3      | Found a glowing golden altar of the Shining One.
  2098 | D:3      | Noticed Natasha
  2114 | D:3      | Killed Natasha
  2114 | D:3      | Reached skill level 5 in Short Blades
  2193 | D:3      | Found a glowing golden altar of the Shining One.
  2193 | D:3      | Found a sacrificial altar of Ru.
  2500 | D:2      | Found a runed translucent door.
  2501 | D:2      | Noticed Crazy Yiuf
  2512 | D:2      | Killed Crazy Yiuf
  2894 | D:4      | Found Ween's Distillery.
  2959 | D:4      | Reached XP level 7. HP: 45/59 MP: 10/10
  2991 | D:4      | Bought a potion of heal wounds for 55 gold pieces
  3391 | D:4      | Found Iguog's Assorted Antiques.
  3397 | D:4      | Bought a scroll labeled XUZEOVVUYJA for 26 gold pieces
  3461 | D:4      | Found a burning altar of Makhleb.
  3680 | D:5      | Found Allur's Antique Weapon Emporium.
  3684 | D:5      | Noticed Sigmund
  3713 | D:5      | Killed Sigmund
  3713 | D:5      | Reached XP level 8. HP: 54/67 MP: 10/12
  4039 | D:5      | Found a white marble altar of Elyvilon.
  4402 | D:5      | Found a staircase to the Ecumenical Temple.
  4439 | Temple   | Entered the Ecumenical Temple
  4444 | Temple   | Became a worshipper of Ashenzari the Shackled
  4484 | D:4      | Bought a scroll of remove curse for 42 gold pieces
  4569 | D:5      | Found a stormy altar of Qazlal.
  4701 | D:5      | Found a shadowy altar of Dithmenos.
  4840 | D:6      | Found an ancient bone altar of Kikubaaqudgha.
  5267 | D:6      | Reached XP level 9. HP: 72/72 MP: 14/14
  6110 | D:5      | Identified a scroll of acquirement
  6110 | D:5      | Identified the cursed ring "Weizan" {+Fly MR+} (You
                  | acquired it on level 5 of the Dungeon)
  6215 | D:6      | Slain by an unseen horror

Levels and vault maps discovered:
D:1:      minmay_arrival_doors, layout_loops_cross
D:2:      layout_loops_cross, nicolae_overflow_crystal_walls,
          uniq_crazy_yiuf_cottage, uniq_natasha
D:3:      layout_basic, chequers_temple_overflow_statue_of_worship,
          first_ration, nicolae_tso_carved_into_rock
D:4:      layout_rooms, makhleb_heckhound_becter, serial_shops, shop,
          nicolae_shop_temple_entry_statues_fountains, shop, shop, shop_scrolls
D:5:      cheibrodos_barr_body, layout_loops_ring, lemuel_round_altar,
          elyvilon_altar_5, nicolae_overflow_hidden_temple,
          minmay_temple_entry_large_hall, serial_shops, shop, uniq_sigmund
D:6:      layout_rooms, grunt_gozag_statues, overflow_temple_1_default
Temple:   minmay_freezing_vapour_temple

Skill      XL: |  1  2  3  4  5  6  7  8 |
---------------+-------------------------+-----
Invocations    | 1 2 3 4 |  4.1
Long Blades    | 1 2 3 |  3.7
Axes           | 1 2 3 |  3.7
Maces & Flails | 1 2 3 |  3.7
Polearms       | 1 2 3 |  3.7
Staves         | 1 2 3 |  3.7
Slings         | 1 2 3 |  3.7
Bows           | 1 2 3 |  3.7
Crossbows      | 1 2 3 |  3.7
Throwing       | 1 2 3 |  3.7
Dodging        | 1 2 3 |  3.7
Stealth        | 1 2 3 |  3.7
Unarmed Combat | 1 2 3 |  3.7
Spellcasting   | 1 2 3 |  3.7
Evocations     | 1 2 3 |  3.7
Conjurations   | 1 2 3 |  3.0
Hexes          | 1 2 3 |  3.0
Charms         | 1 2 3 |  3.0
Summonings     | 1 2 3 |  3.0
Necromancy     | 1 2 3 |  3.0
Translocations | 1 2 3 |  3.0
Transmutations | 1 2 3 |  3.0
Fire Magic     | 1 2 3 |  3.0
Ice Magic      | 1 2 3 |  3.0
Air Magic      | 1 2 3 |  3.0
Earth Magic    | 1 2 3 |  3.0
Poison Magic   | 1 2 3 |  3.0
Short Blades   | 5 6 |  6.0
Fighting       | 7 |  7.6
Armour         | 7 |  7.6
Shields        | 7 |  7.6

Action                   |  1- 3 |  4- 6 |  7- 9 || total
-------------------------+-------+-------+-------++-------
Melee: Rapier            |    83 |   174 |   366 ||   623
       Bite              |     7 |    21 |    54 ||    82
Throw: Dart              |       |     5 |     6 ||    11
Invok: Curse Item        |       |       |     2 ||     2
  Use: Scroll            |       |     4 |    12 ||    16
       Potion            |       |       |     2 ||     2
 Stab: Sleeping          |       |       |     1 ||     1
  Eat: Chunk             |       |     7 |     9 ||    16
Armor: Scale mail        |    46 |    69 |   246 ||   361
Dodge: Dodged            |    25 |    49 |    76 ||   150
Block: Shield            |    52 |    98 |   153 ||   303

Table legend:
 A = Non-vault XP
 B = Vault XP
 C = Vault XP percentage of total XP
 D = Non-vault monster count
 E = Vault monster count
 F = Vault count percentage of total count
                 A         B        C        D         E       F
            +---------+---------+-------+---------+---------+-------
      Total |    1776 |     649 |  26.8 |     112 |      12 |   9.7
            +---------+---------+-------+---------+---------+-------
        D:1 |      25 |       0 |   0.0 |      18 |       0 |   0.0
        D:2 |      53 |      40 |  43.0 |      15 |       1 |   6.2
        D:3 |     179 |      35 |  16.4 |      26 |       1 |   3.7
        D:4 |     584 |      42 |   6.7 |      23 |       1 |   4.2
        D:5 |     637 |     532 |  45.5 |      21 |       9 |  30.0
        D:6 |     298 |       0 |   0.0 |       9 |       0 |   0.0
            +---------+---------+-------+---------+---------+-------
